[Event "*** Titled Tuesday Blitz"]
[Site "Chess.com"]
[Date "2021.03.09"]
[Round "9"]
[White "FormerProdigy"]
[Black "mikolka1985"]
[Result "1-0"]
[WhiteElo "2845"]
[BlackElo "2693"]
[TimeControl "180+1"]
[EndTime "11:48:59 PST"]
[Termination "FormerProdigy won on time"]

1. e4 e5 2. Nf3 Nc6 3. Bb5 a6 4. Ba4 Nf6 5. O-O Be7 6. Re1 b5 7. Bb3 d6 8. c3 O-O 9. h3 Na5 10. Bc2 c5 11. d4 Nd7 12. Nbd2 exd4 13. cxd4 Nc6 14. d5 Nce5 15. a4 Bb7 16. Nh2 Ng6 17. Ndf1 Bg5 18. g3 Bxc1 19. Qxc1 Re8 20. f4 Qb6 21. Qe3 Bxd5 22. Rad1 Bb7 23. a5 Qc7 24.
Qd2 Nf6 25. Qxd6 Qxd6 26. Rxd6 Bxe4 27. Rxf6 gxf6 28. Rxe4 c4 29. Ng4 Kg7 30. Nfe3 Rxe4 31. Bxe4 Rd8 32. Kf1 Ne7 33. Ke2 h5 34. Nh2 Rd6 35.
Nf3 Re6 36. Nd2 f5 37. Bb7 h4 38. Kf3 hxg3 39. Ndf1 g2 40. Kxg2 Rg6+ 41. Ng3 Kf8 42. Kf3 Rh6 43. Ngxf5 Nxf5 44. Nxf5 Rxh3+ 45. Ng3 Rh6 46. f5 Ke7 47. Ne4 Kd8 48. f6 Kc7 49. Bxa6 Kc6 50.
Bc8 Rh2 51. a6 Kb6 52. Be6 fxe6 53. f7 Rh8 54. Nf6 Kxa6 55. Ng8 Rh1 56. Kg2 1-0

[Event "*** Titled Tuesday Blitz"]
[Site "Chess.com"]
[Date "2021.03.09"]
[Round "9"]
[White "Jospem"]
[Black "NikolaGry"]
[Result "1-0"]
[WhiteElo "2930"]
[BlackElo "2664"]
[TimeControl "180+1"]
[EndTime "11:49:01 PST"]
[Termination "Jospem won on time"]

1. e4 c5 2. Nf3 Nf6 3. Nc3 Nc6 4.
Bb5 e6 5. O-O Be7 6. d3 O-O 7.
Bxc6 bxc6 8. h3 Ne8 9. Qe2 f6 10. Na4 d6 11. b3 e5 12. Ne1 f5 13. f4 exf4 14. Bxf4 g5 15. Bd2 f4 16. c4 Bf6 17.
Bc3 Ng7 18. Qd2 Ne6 19. Nc2 g4 20. hxg4 Bh4 21. Rf3 Bg3 22. Rxg3 fxg3 23. Qh6 Qg5 24.
Qxg5+ Nxg5 25. Be1 Bxg4 26. Bxg3 Rad8 27. Re1 Ne6 28. Ne3 h5 29. Nc3 Rf7 30. Ncd1 Bxd1 31.
Rxd1 Nd4 32. Kh2 Kh7 33. Re1 Kg6 34. Bh4 Re8 35. Bg3 Rd8 36. Kh3 a5 37. Bh4 Re8 38.
Bg3 Rd8 39. Nd1 Ne6 40. Kh2 h4 41. Bxh4 Rh7 42. g3 Rf8 43. Kg2 Nd4 44. Ne3 Nf3 45.
Rh1 Nxh4+ 46. gxh4 Kh5 47. Nf5 Rhf7 48. Kg3 Rg8+ 49.
Kf4 Rg4+ 50. Kf3 Rg8 51. a4 Rg6 52. Kf4 Rff6 53. Ke3 Rf7 54. Rh3 Rff6 55. Rh2 Rf7 56. Kd2 Rff6 57. Kc3 Rf7 58. Rh1 Rff6 59. Rf1 Kg4 60.
Rf2 Kh5 61. Rf4 1-0

[Event "*** Titled Tuesday Blitz"]
[Site "Chess.com"]
[Date "2021.03.09"]
[Round "9"]
[White "MillyNeuf"]
[Black "tgpgoat"]
[Result "1/2-1/2"]
[WhiteElo "2281"]
[BlackElo "2184"]
[TimeControl "180+1"]
[EndTime "11:49:02 PST"]
[Termination "Game drawn - insufficient material"]

1. e4 c5 2. Nc3 Nc6 3. g3 g6 4. Bg2 Bg7 5. d3 e6 6. Be3 Nge7 7. Bxc5 Qa5 8. Bxe7 Bxc3+ 9. bxc3 Qxc3+ 10. Kf1 Nxe7 11.
Ne2 Qg7 12. Rb1 O-O 13. h4 h5 14. Qd2 d5 15. exd5 Nxd5 16. Bxd5 exd5 17. Qc3 Bg4 18. Qxg7+ Kxg7 19. Nf4 Rfc8 20. Rc1 Rc5 21. d4 Ra5 22.
Kg2 Rc8 23. Rhe1 Rxa2 24. Nxd5 Rcxc2 25. Rxc2 Rxc2 26. Re7 Be6 27. Nf4 Kf6 28. Rxb7 Rd2 29. Rxa7 Rxd4 30. Ra6 Re4 31. f3 Re5 32. Kf2 Ke7 33.
Ra7+ Kf6 34. Nd3 Rd5 35. Ke3 Bf5 36. Nf4 Rd7 37. Ra6+ Kg7 38. Ra3 Re7+ 39. Kf2 Rc7 40. Re3 Rc2+ 41. Re2 Rxe2+ 42. Kxe2 Kf6 43. Ke3 Ke5 44. Ne2 Be6 45. Nc3 Bc4 46. Ne4 Bd5 47.
Ng5 Ba2 48. Nh7 f6 49. Nf8 Bf7 50. Nd7+ Ke6 51. Nc5+ Kd5 52. Ne4 Ke5 53. f4+ Ke6 54.
Kd4 Be8 55. Nc5+ Kf5 56. Ne4 Bc6 57. Nf2 g5 58. hxg5 fxg5 59. Ke3 h4 60. gxh4 gxf4+ 61. Ke2 Kg6 62. Nd3 f3+ 63. Kf2 Kh5 64. Ne5 Kxh4 65. Nxc6 Kg4 66. Nb4 Kf4 67. Nc2 Ke4 68. Na1 Kf4 69.
Nb3 Ke4 70. Na5 Kf4 71. Nb7 Ke4 72. Nd8 Kf4 73. Nf7 Ke4 74. Nh6 Kf4 75. Ng4 Ke4 76.
Nh2 Kf4 77. Nf1 Ke4 78. Ne3 Kf4 79. Ng2+ fxg2 80. Kxg2 1/2-1/2

[Event "*** Titled Tuesday Blitz"]
[Site "Chess.com"]
[Date "2021.03.09"]
[Round "9"]
[White "poneis_malditos"]
[Black "guillembaches"]
[Result "1-0"]
[WhiteElo "2349"]
[BlackElo "2450"]
[TimeControl "180+1"]
[EndTime "11:49:03 PST"]
[Termination "poneis_malditos won on time"]

1. e4 c5 2. Nc3 Nc6 3. g3 g6 4.
Bg2 Bg7 5. d3 e6 6. Be3 Nd4 7.
Qd2 Ne7 8. Nd1 e5 9. c3 Ne6 10. Bh6 d5 11. Bxg7 Nxg7 12. Qh6 Ne6 13. Ne3 d4 14. Nd5 Nxd5 15. exd5 dxc3 16. bxc3 Qa5 17. Ne2 Nd4 18. Nxd4 Qxc3+ 19. Ke2 Qxd4 20. Rhe1 Bg4+ 21. Kf1 O-O-O 22. Rac1 Kb8 23. Kg1 Rhe8 24. Qxh7 Rd7 25. Rc4 Qb2 26. Rxg4 Qd2 27. Rf1 Qxd3 28. Qh6 c4 29. Qc1 c3 30. Rd1 Qe2 31. Re4 Qxa2 32. Qxc3 f5 33. Rb4 Rc8 34. Qb2 Qa6 35. d6 e4 36. Bf1 Qa5 37. Rb5 Qa4 38. Qb3 Qxb3 39. Rxb3 b6 40. Bb5 Rdd8 41. d7 Rc5 42. Ba6 Kc7 43. Bc8 a5 44. Rdb1 g5 45. Rxb6 f4 46.
Rb7+ Kd6 47. R1b6+ Ke5 48. Ra6 Rc1+ 49. Kg2 e3 50.
Kf3 fxg3 51. hxg3 exf2 52. Kxf2 Rf8+ 53. Kg2 Rc2+ 54. Kh3 Rh8+ 55. Kg4 Rc4+ 56. Kxg5 Rg8+ 57. Kh6 Rcg4 58. Rb5+ Kd4 59. Rd6+ Kc3 60. d8=Q 1-0

[Event "*** Titled Tuesday Blitz"]
[Site "Chess.com"]
[Date "2021.03.09"]
[Round "9"]
[White "Grimlock_Glasgow"]
[Black "Fighter008"]
[Result "0-1"]
[WhiteElo "2504"]
[BlackElo "2625"]
[TimeControl "180+1"]
[EndTime "11:49:04 PST"]
[Termination "Fighter008 won on time"]

1. e4 c5 2. Nc3 a6 3. g3 b5 4.
Bg2 Bb7 5. Nge2 e6 6. d4 cxd4 7. Nxd4 Nf6 8. O-O b4 9. Na4 Nxe4 10. Re1 d5 11. c4 bxc3 12. bxc3 Be7 13. Rb1 Bc6 14.
Nxc6 Nxc6 15. c4 O-O 16. cxd5 exd5 17. Qc2 Nb4 18. Qb3 Rb8 19. Bf4 Rb5 20. Bxe4 dxe4 21. Nc3 Rb6 22. Qc4 Rc6 23. Qxe4 Rxc3 24. Qxe7 Qxe7 25. Rxe7 Nd5 26. Ra7 Nxf4 27. gxf4 Ra3 28. Rb6 Rxa2 29. Rbxa6 Rxa6 30. Rxa6 Rd8 31. Kg2 g6 32.
Kg3 Rd5 33. h4 Kg7 34. Ra7 h5 35. Ra6 Rd3+ 36. f3 Rd5 37. Rb6 Rf5 38. Rc6 Rf6 39. Rc5 Kf8 40. f5 Ke7 41. fxg6 fxg6 42. Rb5 Ra6 43.
Rc5 Kf6 44. Rb5 Re6 45. Rc5 Re5 46.
Rc4 Kf5 47. Rf4+ Ke6 48. Rb4 Ra5 49. Re4+ Kf6 50. Rf4+ Kg7 51. Rb4 Kh6 52. Rc4 Ra1 53. Rd4 Rg1+ 54. Kf2 Rh1 55. Kg2 Ra1 56. Kg3 Ra5 57.
Rc4 Kg7 58. Rd4 Kf6 59. Rf4+ Ke5 60. Rb4 Rd5 61. Re4+ Kf6 62. Rf4+ Rf5 63. Rb4 g5 64. Rb6+ Kg7 65. hxg5 Rxg5+ 66. Kh4 Rf5 67. Kg3 Ra5 68. f4 Ra1 69. Kh4 Rh1+ 70. Kg5 Kf7 71. Rb7+ Ke6 72. Rb6+ Ke7 73. Rb7+ Kd6 74. Rb6+ Kd5 75. Rb5+ Ke4 76.
Rb4+ Kd5 77. f5 Ke5 78. Rb5+ Ke4 79. f6 Rf1 0-1

[Event "*** Titled Tuesday Blitz"]
[Site "Chess.com"]
[Date "2021.03.09"]
[Round "9"]
[White "toog"]
[Black "atbenina64"]
[Result "1/2-1/2"]
[WhiteElo "2394"]
[BlackElo "2503"]
[TimeControl "180+1"]
[EndTime "11:49:04 PST"]
[Termination "Game drawn - insufficient material"]

1. e4 c6 2. d4 d5 3. Nc3 dxe4 4.
Nxe4 Nf6 5. Nxf6+ exf6 6. c3 Bd6 7. Bd3 O-O 8. Qc2 Re8+ 9. Ne2 h5 10. Bd2 Nd7 11. O-O-O Nf8 12. Ng3 Be6 13. Kb1 h4 14. Nf5 Bxf5 15. Bxf5 Re2 16. Rhf1 Bf4 17. g3 Bxd2 18.
Rxd2 Rxd2 19. Qxd2 Qa5 20. Bd3 Re8 21. Qf4 Ng6 22.
Qf5 Qxf5 23. Bxf5 hxg3 24. hxg3 Ne7 25. Bd3 Nd5 26. Kc2 g6 27. Kd2 f5 28. a3 Kg7 29. c4 Nc7 30. Kc3 Kf6 31. a4 a5 32.
b4 axb4+ 33. Kxb4 Rd8 34. Kc3 Ne6 35. d5 cxd5 36. cxd5 Rxd5 37. Rb1 Rd7 38. Rb6 Ke5 39. a5 Nc5 40. f4+ Kd5 41. Bf1 Ne4+ 42. Kb4 Nxg3 43. Bg2+ Ne4 44. Kb3 Rc7 45. Kb4 Rc4+ 46. Kb5 Rc1 47.
Rxb7 Rb1+ 48. Ka6 Rc1 49. Rxf7 Kd4 50. Rd7+ Ke3 51. Bxe4 fxe4 52. Rg7 Kxf4 53. Rxg6 e3 54. Re6 Kf3 55. Kb7 e2 56. a6 Rb1+ 57. Ka8 Rb3 58. a7 Re3 59. Rxe3+ Kxe3 60. Kb8 e1=Q 61. a8=Q Qb4+ 62. Qb7 Qxb7+ 63. Kxb7 1/2-1/2

[Event "*** Titled Tuesday Blitz"]
[Site "Chess.com"]
[Date "2021.03.09"]
[Round "9"]
[White "ApoIogiA"]
[Black "thechesscorner64"]
[Result "1-0"]
[WhiteElo "2196"]
[BlackElo "2345"]
[TimeControl "180+1"]
[EndTime "11:49:04 PST"]
[Termination "ApoIogiA won by checkmate"]

1. d4 Nf6 2. c4 e6 3. Nc3 Bb4 4. f3 d5 5. a3 Be7 6. e4 dxe4 7. fxe4 e5 8. d5 Bc5 9. Nf3 Bg4 10. Be2 O-O 11. Bg5 Nbd7 12. b4 Bxf3 13. Bxf3 Bd4 14. Rc1 h6 15. Bh4 a5 16. Nb5 axb4 17.
Nxd4 exd4 18. axb4 Qe7 19. O-O Rfe8 20. Qxd4 Qxb4 21.
Rb1 Qc5 22. Bxf6 gxf6 23. Qxc5 Nxc5 24. Rb5 b6 25. e5 fxe5 26. d6 e4 27. Bh5 Rf8 28.
dxc7 Rac8 29. Rxb6 Rxc7 30. Rxh6 Kg7 31. Rhf6 Nd3 32. Be2 Rxc4 33. Bxd3 exd3 34. Rd6 Rc3 35. Rd7 Kg6 36. h3 f5 37. Rf3 Re8 38. Rfxd3 Rc1+ 39. Kh2 Re2 40. R3d6+ Kg5 41. Rg7+ Kf4 42. Rd4+ Ke3 43. Rdd7 Kf2 44. Rdf7 Rc5 45. h4 Kf1 46. h5 Re4 47. Kh3 Rc3+ 48. Rg3 Rxg3+ 49. Kxg3 Rg4+ 50. Kh3 Rg5 51. Kh4 Rxg2 52. h6 Ke2 53. Rxf5 Ke3 54. Rh5 Rg8 55. h7 Rh8 56. Kg5 Ke4 57. Kg6 Re8 58. h8=Q Re6+ 59. Kg5 Re5+ 60. Kg4 Rd5 61. Rxd5 Ke3 62.
Qf6 Ke2 63. Qe5+ Kf1 64. Qd6 Kg2 65. Qc6 Kf1 66. Qc4+ Ke1 67. Rd3 Ke2 68. Qc2+ Ke1 69. Rd1# 1-0

[Event "*** Titled Tuesday Blitz"]
[Site "Chess.com"]
[Date "2021.03.09"]
[Round "9"]
[White "DonBroca"]
[Black "Kostukov_Alex"]
[Result "0-1"]
[WhiteElo "2153"]
[BlackElo "2308"]
[TimeControl "180+1"]
[EndTime "11:49:04 PST"]
[Termination "Kostukov_Alex won by resignation"]

1. e4 c5 2. Nf3 g6 3. d4 cxd4 4. Nxd4 Bg7 5. Be3 Nc6 6. c4 Nf6 7. Nc3 O-O 8. Be2 Nxd4 9. Bxd4 Qa5 10. O-O d6 11. Qd2 Nxe4 12. Nxe4 Qxd2 13. Nxd2 Bxd4 14. Rab1 Bf5 15. Rbc1 Bxb2 16. Rcd1 Bc2 17. Rde1 Bc3 18. Rc1 Bxd2 19. Rxc2 Bb4 20. Rb1 a5 21. a3 Bxa3 22. Rxb7 e6 23. Bf3 Rab8 24. g3 Rxb7 25. Bxb7 Rb8 26.
Bc6 Rb2 27. Rxb2 Bxb2 28. Kf1 Kg7 29. Ke2 Kf6 30. f4 h6 31. Kd3 Ba3 32. h3 Bc5 33.
Ke4 Ke7 34. g4 f5+ 35. Kd3 fxg4 36. hxg4 h5 37. gxh5 gxh5 38. Ke4 Kf6 39. Kf3 Bb4 40. Ba4 e5 41. Ke4 exf4 42. Kxf4 h4 43. Bd7 Be1 44. Bc6 Ke7 45. Ke3 Kf6 46. Kf4 Bg3+ 47. Ke4 Ke7 48. Kd4 Kd8 49. c5 Kc7 50. Ba4 Bf2+ 51.
Kd5 dxc5 52. Ke4 Kb6 53. Kf3 Bg3 54. Ke4 c4 55. Kd4 h3 56. Bd1 h2 57. Bf3 Kb5 58.
Kc3 Kc5 59. Bh1 Be5+ 60. Kc2 Kb4 61. Bd5 a4 62. Bh1 a3 63. Kb1 Kb3 64. Bd5 a2+ 65. Kc1 a1=Q+ 0-1

[Event "*** Titled Tuesday Blitz"]
[Site "Chess.com"]
[Date "2021.03.09"]
[Round "9"]
[White "GM_Crest"]
[Black "lamomiablanca"]
[Result "1-0"]
[WhiteElo "2754"]
[BlackElo "2422"]
[TimeControl "180+1"]
[EndTime "11:49:05 PST"]
[Termination "GM_Crest won by checkmate"]

1. d4 Nf6 2. c4 c5 3. d5 e5 4. Nc3 d6 5. e4 Nbd7 6. g3 g6 7.
Bg2 Bg7 8. Nf3 a6 9. a4 h5 10.
h3 Nh7 11. Be3 O-O 12. O-O Qe7 13. Ne1 h4 14. g4 Bf6 15. Nf3 Ng5 16. Qd2 Nxf3+ 17.
Bxf3 g5 18. a5 Re8 19. b4 cxb4 20. Na4 Nf8 21. Qxb4 Ng6 22. Nb6 Rb8 23. c5 dxc5 24. Bxc5 Qd8 25. Kh2 Nf4 26. Rfd1 Bg7 27. Bd6 Bf8 28.
Bxf8 Rxf8 29. Rac1 Qf6 30. Rc3 Ne2 31. Re3 Nd4 32.
Qc3 Rd8 33. Kg2 Bd7 34. Qc7 Bb5 35. Rc1 Rf8 36. d6 Rbd8 37. d7 Qf4 38. Nd5 Rxd7 39. Qxd7 Qxe3 40. fxe3 Bxd7 41. exd4 exd4 42. Rc7 Bc6 43.
Ne7+ Kg7 44. Nxc6 bxc6 45. Rxc6 Rb8 46. Rxa6 Rb2+ 47. Kf1 d3 48. Rd6 Ra2 49. Rd5 d2 50. Rxg5+ Kf6 51. Rd5 Ra1+ 52. Ke2 Ra2 53. g5+ Kg6 54.
Kd1 Rb2 55. Rxd2 Rb3 56. Ke2 Kxg5 57. Bg4 Ra3 58. Rd5+ Kf4 59. Bf5 Ra2+ 60. Kd3 Kg3 61. Kc4 Kf4 62. Kb5 Rb2+ 63. Kc6 Ke3 64. a6 Ra2 65.
Kb6 f6 66. a7 Rb2+ 67. Rb5 Ra2 68. Ra5 Rb2+ 69. Ka6 Kf3 70. a8=Q Kg2 71. e5+ Kh2 72.
exf6 Ra2 73. Rxa2+ Kg1 74. Qg2# 1-0

[Event "*** Titled Tuesday Blitz"]
[Site "Chess.com"]
[Date "2021.03.09"]
[Round "9"]
[White "KubaGepard"]
[Black "Mikhail_Golubev"]
[Result "1/2-1/2"]
[WhiteElo "2411"]
[BlackElo "2564"]
[TimeControl "180+1"]
[EndTime "11:49:06 PST"]
[Termination "Game drawn by stalemate"]

1. e4 c5 2. Nf3 d6 3. Nc3 Nc6 4. d4 cxd4 5. Nxd4 g6 6. Be3 Bg7 7. f3 Nf6 8. Qd2 O-O 9. g4 Nxd4 10. Bxd4 Be6 11. Nd5 Bxd5 12. exd5 Rc8 13. h4 Qc7 14. Rh2 e5 15. dxe6 fxe6 16. O-O-O Nd5 17. Bxg7 Qxg7 18.
Bd3 Nf4 19. h5 g5 20. Kb1 d5 21. h6 Qf6 22. Rf1 Rf7 23. c3 a6 24. Bc2 b5 25.
Re1 Rfc7 26. a3 a5 27. Qe3 b4 28. Qe5 Qe7 29. cxb4 axb4 30. Bf5 bxa3 31. Bxe6+ Nxe6 32. Qxe6+ Qxe6 33. Rxe6 axb2 34. Rxb2 Rc1+ 35. Ka2 Ra8+ 36. Kb3 Rb8+ 37. Ka2 Rxb2+ 38. Kxb2 Rf1 39. Re5 Rxf3 40.
Rxg5+ Kf8 41. Rxd5 Rh3 42. g5 Rh5 43. Rf5+ Kg8 44.
Kc3 Rh3+ 45. Kd4 Rg3 46. Ke5 Rg1 47. Kf6 Rg2 48. Rf3 Rg1 49. Ke7 Re1+ 50. Kf6 Rg1 51.
Re3 Rf1+ 52. Ke7 Rg1 53. Re5 Rg2 54. Rf5 Re2+ 55. Kf6 Re1 56. Rc5 Rf1+ 57. Ke6 Re1+ 58. Kf5 Rf1+ 59. Ke6 Re1+ 60. Re5 Rf1 61. Kd7 Rd1+ 62.
Ke7 Rf1 63. Ke8 Rf2 64. Re6 Rf1 65. Re7 Rf2 66. Rg7+ Kh8 67. Rf7 Rxf7 68. Kxf7 1/2-1/2

[Event "*** Titled Tuesday Blitz"]
[Site "Chess.com"]
[Date "2021.03.09"]
[Round "9"]
[White "FMOlexandrProhorov"]
[Black "dosto07"]
[Result "1-0"]
[WhiteElo "2122"]
[BlackElo "2289"]
[TimeControl "180+1"]
[EndTime "11:49:07 PST"]
[Termination "FMOlexandrProhorov won on time"]

1. e4 e5 2. Nf3 Nc6 3. c3 Nf6 4. d4 Nxe4 5. d5 Ne7 6. Nxe5 Ng6 7. Nf3 Bc5 8. Be3 Bxe3 9. fxe3 O-O 10. Bd3 Qe7 11. O-O d6 12. Nbd2 Nc5 13. Qe2 Bg4 14.
h3 Bxf3 15. Nxf3 Rfe8 16. Rae1 Nxd3 17. Qxd3 Qe4 18. Qd4 h6 19. Nd2 Qxd4 20. cxd4 Re7 21. Kf2 Rae8 22. g3 Nf8 23. e4 Nd7 24. Kf3 Nf6 25.
g4 c6 26. dxc6 bxc6 27. e5 dxe5 28. dxe5 Rxe5 29. Rxe5 Rxe5 30. Rc1 c5 31. Nb3 Nd7 32. Rd1 Nb6 33. Rd8+ Kh7 34. Rf8 f6 35. Rf7 c4 36.
Nd4 Nd5 37. Nf5 Kg8 38. Rxg7+ Kf8 39. Rxa7 c3 40. bxc3 Nxc3 41. Nxh6 Rd5 42. Rf7+ Ke8 43. Rxf6 Rd3+ 44. Kf4 Nd5+ 45. Ke5 Nxf6 46. Kxf6 Rd2 47.
h4 Rxa2 48. g5 Ra6+ 49. Kf5 Kf8 50. Ng4 Kg8 51. Ne5 Ra5 52. h5 Kg7 53. h6+ Kh7 54. Kf6 Ra6+ 55. Kf5 Ra5 56. Ke4 Ra4+ 57. Kf3 Ra3+ 58.
Kg4 Ra5 59. Nf3 Ra3 60. Nh4 Ra4+ 61. Kh5 Ra5 62. Nf3 Rb5 63. Nd4 Ra5 64. Ne6 Rb5 65.
Nf4 1-0

[Event "*** Titled Tuesday Blitz"]
[Site "Chess.com"]
[Date "2021.03.09"]
[Round "9"]
[White "hellokostya"]
[Black "QuintilianoR"]
[Result "1/2-1/2"]
[WhiteElo "2528"]
[BlackElo "2674"]
[TimeControl "180+1"]
[EndTime "11:49:08 PST"]
[Termination "Game drawn by repetition"]

1. d4 Nf6 2. Bg5 d5 3. Nd2 Nbd7 4. e3 e5 5. Ngf3 e4 6. Ne5 Bd6 7. Nxd7 Bxd7 8. Be2 O-O 9. c4 c6 10. Qb3 Be6 11. O-O Rb8 12. Rac1 h6 13. Bh4 g5 14. Bg3 Bxg3 15. fxg3 Kg7 16. Rf2 Ne8 17. Rcf1 Qd7 18.
cxd5 Bxd5 19. Bc4 Rd8 20. Rf5 f6 21. Bxd5 cxd5 22. g4 h5 23. Qb4 Qd6 24. Qxd6 Nxd6 25. Rxd5 hxg4 26. Rc1 Rf7 27. Nxe4 Rfd7 28. Nxd6 Rxd6 29.
Rc7+ Kg6 30. Rxd6 Rxd6 31. Rxb7 Ra6 32. a3 f5 33. Rb3 Rc6 34. Rc3 Rb6 35. b3 Kf6 36.
Kf2 f4 37. h3 gxh3 38. gxh3 Kf5 39. Kf3 fxe3 40. Kxe3 Re6+ 41. Kf3 Re1 42. Rc5+ Kg6 43. Rc6+ Kh5 44. Rc7 Rf1+ 45. Kg2 Rb1 46. b4 Rb2+ 47. Kf1 Rb3 48. Rxa7 Kh4 49. d5 Kxh3 50. d6 Rd3 51.
d7 g4 52. Ke2 Rd6 53. b5 g3 54. Ra6 Rxd7 55. Rh6+ Kg2 56. a4 Re7+ 57. Kd3 Kf3 58.
Rf6+ Kg4 59. Rg6+ Kf4 60. Kc4 Re4+ 61. Kc5 Re5+ 62. Kc6 Rg5 63. Rf6+ Ke5 64. Rf1 g2 65. Rg1 Rg6+ 66. Kb7 Kd5 67. a5 Kc5 68. b6 Kb5 69. Ra1 Rg7+ 70. Kb8 Ka6 71. Rg1 Kxa5 72. b7 Kb6 73. Rb1+ Kc6 74. Rc1+ Kb6 75. Rb1+ Kc6 76. Rc1+ Kb6 77. Rb1+ 1/2-1/2

[Event "*** Titled Tuesday Blitz"]
[Site "Chess.com"]
[Date "2021.03.09"]
[Round "9"]
[White "ChampStan"]
[Black "Koalaskakistis"]
[Result "1-0"]
[WhiteElo "2055"]
[BlackElo "2516"]
[TimeControl "180+1"]
[EndTime "11:49:08 PST"]
[Termination "ChampStan won by checkmate"]

1. d4 d5 2. c4 e6 3. Nc3 Nf6 4. cxd5 exd5 5. Bg5 Be7 6. e3 O-O 7. Bd3 c6 8. Qc2 Nbd7 9. Nf3 Re8 10. O-O Nf8 11. h3 g6 12. Ne5 N6d7 13. Bxe7 Qxe7 14.
Nxd7 Nxd7 15. Rae1 Nf6 16. f3 Be6 17. Qf2 Rad8 18.
Bb1 Kg7 19. Ne2 b6 20. Nf4 c5 21. dxc5 bxc5 22. Qh4 Nd7 23. Qg3 h6 24. h4 Nf6 25. e4 d4 26. b3 c4 27. bxc4 Bxc4 28.
Bd3 Bxd3 29. Nxd3 Rc8 30. Qf2 Red8 31. e5 Ne8 32. e6 fxe6 33. Re4 Rc3 34. Rxd4 Rxd3 35.
Re4 Rd2 36. Qg3 Nf6 37. Re5 Rxa2 38. Rfe1 Rdd2 39. Rxe6 Rxg2+ 40. Qxg2 Rxg2+ 41. Kxg2 Qd7 42. Re7+ Qxe7 43. Rxe7+ Kf8 44. Rxa7 Nh5 45. Ra6 Kf7 46.
Ra7+ Kf6 47. Ra4 Kf5 48. Kf2 Nf4 49. Ra5+ Kf6 50. Kg3 Nh5+ 51. Kg4 Kg7 52. Ra7+ Kf6 53.
Ra6+ Kg7 54. f4 Nf6+ 55. Kf3 Ng8 56. Ke4 Ne7 57. Ra7 Kf6 58. Ra6+ Kf7 59. Ke5 h5 60. Ra7 Kf8 61. Kf6 Nf5 62. Ra8# 1-0

[Event "*** Titled Tuesday Blitz"]
[Site "Chess.com"]
[Date "2021.03.09"]
[Round "9"]
[White "Chamal_Gedgafov"]
[Black "NefeLV"]
[Result "0-1"]
[WhiteElo "2222"]
[BlackElo "1858"]
[TimeControl "180+1"]
[EndTime "11:49:08 PST"]
[Termination "NefeLV won by checkmate"]

1. d4 d5 2. c4 Nf6 3. cxd5 Nxd5 4. e4 Nb6 5. Nc3 g6 6. Nf3 Bg7 7. Be2 O-O 8. h3 N8d7 9. O-O c5 10. d5 Ne5 11.
Be3 Nxf3+ 12. Bxf3 Nd7 13. Rc1 b6 14. Be2 f5 15. f3 Bb7 16. Qd2 Rc8 17. Bg5 a6 18.
Rfd1 b5 19. d6 Bf6 20. dxe7 Qxe7 21. Nd5 Bd4+ 22. Qxd4 Qxg5 23. Ne7+ Qxe7 24. Qxd7 Qxd7 25. Rxd7 Rf7 26. Rd6 fxe4 27. fxe4 Kg7 28. a4 Bxe4 29. Rxa6 Rcf8 30. Bxb5 Rf2 31. Bf1 Rxf1+ 32. Rxf1 Rxf1+ 33. Kxf1 Bd3+ 34. Kf2 Bxa6 35. Ke3 Kf6 36. Ke4 Ke6 37. Kf4 h6 38. a5 Bf1 39. Kf3 Ba6 40. h4 Ke5 41.
Ke3 Kd5 42. Kf4 Kd4 43. g4 Kc4 44. h5 gxh5 45. gxh5 Kb3 46. Kf5 Kxb2 47. Kg6 c4 48. Kxh6 c3 49. Kg7 c2 50. h6 c1=Q 51. h7 Qc7+ 52. Kg8 Qd8+ 53. Kg7 Qe7+ 54. Kg6 Bd3+ 55. Kh6 Qxh7+ 56. Kg5 Qg6+ 57. Kf4 Qa6 58. Ke3 Qxa5 59. Kd4 Bc2 60. Ke3 Qc3+ 61. Kf4 Qc6 62. Ke3 Qd5 63.
Kf4 Kc3 64. Ke3 Qd4+ 65. Ke2 Qd3+ 66. Ke1 Qd2+ 67. Kf1 Kd3 68. Kg1 Ke3 69. Kh1 Kf3 70. Kg1 Qg2# 0-1

[Event "*** Titled Tuesday Blitz"]
[Site "Chess.com"]
[Date "2021.03.09"]
[Round "9"]
[White "kakakz"]
[Black "andriipalchuk"]
[Result "0-1"]
[WhiteElo "2424"]
[BlackElo "2584"]
[TimeControl "180+1"]
[EndTime "11:49:13 PST"]
[Termination "andriipalchuk won by resignation"]

1. g3 Nf6 2. Bg2 d5 3. c4 c6 4. b3 Bf5 5. Bb2 e6 6. Nf3 Nbd7 7. d3 Be7 8. Nbd2 O-O 9. O-O a5 10. a3 Re8 11. e4 dxe4 12. dxe4 Nxe4 13. Nd4 Nxd2 14.
Nxf5 exf5 15. Qxd2 Nc5 16. Qc2 Qd3 17. Qxd3 Nxd3 18. Bc3 Nc5 19. Rab1 Bf8 20. Bf3 Ne4 21. Bxe4 Rxe4 22. a4 Bc5 23. Rb2 h5 24. Rd1 h4 25.
Kg2 hxg3 26. hxg3 b6 27. Rd3 Rae8 28. Rf3 g6 29. Rd3 f4 30. g4 Kf8 31. Rbd2 Re2 32. Kf3 Rxd2 33. Rxd2 g5 34. Rd7 Re6 35. Bb2 Ke8 36. Rc7 f6 37. Rg7 Be7 38. Rg8+ Kd7 39. Rg7 Ke8 40. Bd4 c5 41. Bc3 Rd6 42. Ke2 Re6+ 43. Kf3 Kf8 44. Rh7 Kg8 45. Rh1 Rd6 46. Ke2 Kf7 47. Rd1 Rxd1 48. Kxd1 Ke6 49. Ke2 f5 50. f3 fxg4 51. fxg4 Bf6 52. Bd2 Bd4 53.
Kf3 Ke5 54. Be1 Bb2 55. Bf2 Bc3 56. Bg1 Be1 57. Ke2 Bc3 58. Kf3 Bd4 59. Bh2 Be3 60. Ke2 Ke4 61. Kf1 Kf3 62. Bg1 Bxg1 63. Kxg1 Kxg4 64.
Kg2 Kf5 0-1

[Event "*** Titled Tuesday Blitz"]
[Site "Chess.com"]
[Date "2021.03.09"]
[Round "9"]
[White "vovachesss"]
[Black "SilviusTiberius"]
[Result "1-0"]
[WhiteElo "2706"]
[BlackElo "2523"]
[TimeControl "180+1"]
[EndTime "11:49:15 PST"]
[Termination "vovachesss won by checkmate"]

1. d4 Nf6 2. Nc3 d5 3. Bf4 e6 4. Nb5 Na6 5. e3 c6 6. Nc3 Nb8 7. Bd3 Bb4 8. Ne2 c5 9. dxc5 Nbd7 10. O-O Nxc5 11. a3 Bxc3 12. Nxc3 Nxd3 13. Qxd3 a6 14. Rad1 O-O 15. e4 Qb6 16. exd5 Nxd5 17. Nxd5 exd5 18.
Be5 Be6 19. Rfe1 f6 20. Bd4 Qc6 21. Re3 Rfe8 22. Rg3 Bf7 23. h4 Re4 24. Qf3 Re6 25. c3 Rae8 26. Kh2 h5 27. Qf5 Qd6 28. Rd3 Kf8 29.
Qh7 g6 30. Rf3 Ke7 31. Be3 Rg8 32. Bf4 Qd7 33. Re3 Kd8 34. Bh6 Rge8 35. Ref3 f5 36. Bg5+ Kc8 37. Qg7 Bg8 38. Qd4 Re4 39. Qa7 Qc7 40.
Rd3 Qc6 41. Rgf3 Qd6+ 42. g3 Bf7 43. Bf4 Qc6 44. Qb8+ Kd7 45. Qa7 Kc8 46. Rd2 Re1 47.
Re3 R8xe3 48. Bxe3 d4 49. Qa8+ Kc7 50. Bf4+ Kb6 51.
Qd8+ Ka7 52. Qxd4+ b6 53. Qd7+ Qxd7 54. Rxd7+ Ka8 55.
Rxf7 Rb1 56. Be3 Rxb2 57. Rf6 Rc2 58. Rxb6 a5 59. Ra6+ Kb7 60. Rxa5 Kc6 61. Ra6+ Kb5 62. Rxg6 f4 63. Bxf4 Kc5 64. Kh3 Kd5 65. Rg5+ Ke4 66. Rxh5 Kf3 67. Rf5 Rc1 68. Bxc1+ Ke2 69. Rf4 Kf1 70. h5 Kg1 71. h6 Kh1 72. h7 Kg1 73. h8=Q Kf1 74. Kg4 Kg1 75. Kf3 Kf1 76. Qh1# 1-0

[Event "*** Titled Tuesday Blitz"]
[Site "Chess.com"]
[Date "2021.03.09"]
[Round "9"]
[White "CrushingKings"]
[Black "Meri-Arabidze"]
[Result "1-0"]
[WhiteElo "2430"]
[BlackElo "2563"]
[TimeControl "180+1"]
[EndTime "11:49:16 PST"]
[Termination "CrushingKings won on time"]

1. e4 c5 2. d4 e6 3. c3 d5 4. exd5 exd5 5. Nf3 Nc6 6. Bb5 Bd6 7. dxc5 Bxc5 8.
O-O Ne7 9. Nbd2 O-O 10. Nb3 Bb6 11. h3 Bf5 12. Bd3 Qd6 13. Bxf5 Nxf5 14. Qd3 g6 15.
Bg5 Rfe8 16. Rad1 h6 17. Bc1 Rad8 18. a4 a6 19. Rfe1 Qg3 20. Nbd4 Ncxd4 21. Rxe8+ Rxe8 22. cxd4 Qd6 23. Bd2 Re4 24. g4 Nxd4 25. Bxh6 Nxf3+ 26. Qxf3 Qe6 27. Kg2 Kh7 28. Bg5 Re2 29. Bh4 Rxb2 30. Rxd5 Kg8 31. Bg3 Qc6 32. Rd3 Qxf3+ 33. Kxf3 Ra2 34.
Rb3 Bc5 35. Rxb7 Rxa4 36. Rb8+ Kh7 37. Be5 Ra3+ 38. Kg2 g5 39. Rb7 Kg6 40. Rc7 Bb4 41. Rc6+ Kh7 42. Rf6 Kg8 43. Rf5 Kh7 44. Rxg5 Ra2 45.
Rg7+ Kh6 46. g5+ Kh5 47. Kg3 Be1 48. Bd4 Ra3+ 49. Kg2 Bc3 50. Be3 Be1 51. Rxf7 Kg6 52. Rf6+ Kg7 53. h4 Ra2 54. h5 Bd2 55. h6+ Kh7 56.
g6+ Kg8 57. h7+ Kg7 58. Rf7+ Kxg6 59. h8=Q Kxf7 60. Qh7+ Ke6 61. Qg8+ Kf5 62. Qxa2 1-0

[Event "*** Titled Tuesday Blitz"]
[Site "Chess.com"]
[Date "2021.03.09"]
[Round "9"]
[White "Aradhya2000"]
[Black "GregShahade"]
[Result "0-1"]
[WhiteElo "2574"]
[BlackElo "2762"]
[TimeControl "180+1"]
[EndTime "11:49:19 PST"]
[Termination "GregShahade won by checkmate"]

1. d4 Nf6 2. c4 g6 3. g3 Bg7 4. Bg2 d5 5. cxd5 Nxd5 6. Nf3 Nb6 7. O-O Nc6 8. e3 O-O 9. Nc3 Re8 10. Nh4 e5 11. d5 Nb4 12. e4 c6 13. a3 Na6 14.
dxc6 bxc6 15. Qe2 Nc5 16. Be3 Ba6 17. Qc2 Bd3 18. Qd1 Bxf1 19. Qxf1 Nb3 20. Rd1 Nd4 21. f4 c5 22. f5 Qe7 23. Nf3 Rad8 24. g4 Nxf3+ 25. Bxf3 Rxd1 26. Bxd1 Rd8 27. a4 a5 28.
Qb5 Qc7 29. Bb3 Rb8 30. g5 Bf8 31. f6 Nc8 32. Qc4 Rb4 33. Nd5 Rxc4 34. Nxc7 Rxe4 35. Kf2 Rb4 36. Bd5 Rxb2+ 37. Kf3 Rb4 38. Ne6 Rxa4 39. Nxf8 Kxf8 40. Bxc5+ Kg8 41. Ke3 Rh4 42. Bb7 a4 43. Kd3 a3 44. Bxa3 Rh3+ 45. Ke4 Rxa3 46. Bxc8 Ra2 47.
h3 Re2+ 48. Kf3 Rc2 49. Bg4 Rc4 50. Ke3 Rf4 51. Bf3 Kf8 52. Bg4 Ke8 53. Bf3 Kf8 54.
Bg4 Kg8 55. Bf3 h6 56. gxh6 Kh7 57. Bd5 Rxf6 58. Ke4 Rf5 59. Bc6 f6 60. Bd7 Rf4+ 61. Kd5 Kxh6 62. Ke6 Kg5 63. Be8 Rh4 64. Kf7 Rxh3 65.
Kg7 e4 66. Bxg6 e3 67. Bd3 Rh2 68. Kf7 Rd2 69. Bc4 e2 70. Bxe2 Rxe2 71. Kf8 Re5 72. Kg7 Re7+ 73. Kf8 Ra7 74. Ke8 f5 75. Kd8 f4 76.
Ke8 f3 77. Kf8 f2 78. Kg8 f1=Q 79. Kh8 Qf8# 0-1